[Event "NJSK 2023 Jeugd A"]
[Site "Almelo, Netherlands"]
[Date "2023.05.03"]
[Round "4.4"]
[White "Achuthan, Dylan"]
[Black "Smid, Jelle"]
[Result "1-0"]
[TimeControl "90min/40moves + 30min + 30sec/move"]
[WhiteElo "2045"]
[BlackElo "1776"]

1. d4 e6 2. Nf3 d5 3. c4 a6 4. e3 Nf6 5. Be2 Be7 6. O-O O-O 7. b3 Nbd7 8. Nc3 c6 9. Qc2 Re8 10.
Bb2 Bd6 11. Rad1 Qc7 12. e4 dxe4 13. Nxe4 Nxe4 14. Qxe4 f6 15. Bd3 Nf8 16. Rfe1 Bd7 17. c5 Bf4 18. g3 Bh6 19. Nh4 Red8 20.
Bc4 Kh8 21. f4 Re8 22. Bd3 Red8 23. Qf3 Be8 24. Bc4 Bf7 25. b4 a5 26. a3 Rd7 27. Re3 e5 28. Bxf7 exf4 29. Re8 Rxe8 30. Bxe8 Re7 31. Nf5 Rxe8 32.
Nxh6 gxh6 33. d5 cxd5 34. Bxf6+ Kg8 35. Qxd5+ Qf7 36. Qxf7+ Kxf7 37. Bd8 axb4 38. axb4 fxg3 39. hxg3 Re3 40.
Kf2 Rb3 41. Ba5 Ke7 42. Rd6 1-0

[Event "NJSK 2023 Jeugd A"]
[Site "Almelo, Netherlands"]
[Date "2023.05.03"]
[Round "4.5"]
[White "Boeren, Jurriaan"]
[Black "Groen, Jari"]
[Result "1/2-1/2"]
[TimeControl "90min/40moves + 30min + 30sec/move"]
[WhiteElo "1979"]
[BlackElo "2028"]

1. e4 c5 2. Nf3 d6 3. Bb5+ Nd7 4.
c3 Ngf6 5. Qe2 e5 6. d4 Qc7 7. O-O Be7 8. d5 O-O 9. a4 a6 10. Bd3 Re8 11. Nbd2 Nf8 12. h3 Ng6 13. Nc4 Bd8 14.
Nh2 Rb8 15. a5 Qe7 16. Re1 Bd7 17. Bg5 h6 18. Be3 Bb5 19. Nd2 Bd7 20. Nhf1 Nh7 21. Ng3 Qf6 22. Nc4 Bc7 23. b4 cxb4 24. cxb4 Nf4 25. Bxf4 Qxf4 26. Bc2 Bb5 27. Ba4 Bxa4 28.
Rxa4 g6 29. Ra3 Qf6 30. Rc3 Rec8 31. Qg4 Bd8 32. Rec1 b5 33. axb6 Bxb6 34. Nxb6 Rxc3 35. Rxc3 Rxb6 36. Rc8+ Nf8 37. Nf5 h5 38. Qg3 Rxb4 39. Nh6+ Kg7 40. Nf5+ Kg8 41. Nh6+ Kg7 42.
Nf5+ 1/2-1/2

[Event "NJSK 2023 Jeugd A"]
[Site "Almelo, Netherlands"]
[Date "2023.05.03"]
[Round "4.6"]
[White "Alvares, Thomas"]
[Black "Adams, Oscar"]
[Result "1-0"]
[TimeControl "90min/40moves + 30min + 30sec/move"]
[WhiteElo "1825"]
[BlackElo "1760"]

1. e4 e5 2. Nf3 Nc6 3. Bb5 Nf6 4. d3 Bc5 5. O-O O-O 6. Bxc6 dxc6 7. Nxe5 Re8 8. Nf3 Bg4 9. Be3 Bd6 10.
Nbd2 Qd7 11. Re1 Rad8 12. Qe2 Bh5 13. h3 Re6 14. Qf1 Bxf3 15. Nxf3 Ne8 16. Qe2 c5 17. Rad1 Bf8 18. c3 Qb5 19. Qc2 Ra6 20. a3 Rb6 21. Rd2 a5 22. d4 c4 23. d5 Bc5 24.
a4 Qd7 25. Bxc5 Rg6 26. Ne5 1-0

[Event "NJSK 2023 Jeugd A"]
[Site "Almelo, Netherlands"]
[Date "2023.05.03"]
[Round "4.7"]
[White "Goudriaan, Rafael"]
[Black "Van Rootselaar, Rik"]
[Result "1/2-1/2"]
[TimeControl "90min/40moves + 30min + 30sec/move"]
[WhiteElo "1992"]
[BlackElo "1812"]

1. e4 c5 2. Nc3 d6 3. d4 cxd4 4. Qxd4 Nc6 5. Qd2 e6 6. b3 Nf6 7. Bb2 d5 8. exd5 exd5 9. O-O-O Be6 10.
Nge2 Qa5 11. Kb1 O-O-O 12. Nd4 Bc5 13. Ncb5 Qb6 14. f3 Rhe8 15. Bc3 Rd7 16. a4 a6 17. a5 Qd8 18. Nxc6 bxc6 19.
Nd4 Kb7 20. Bb4 Qe7 21. Bxc5 Qxc5 22. b4 Qd6 23. Nb3 Rb8 24. Nc5+ Kc8 25. Qd4 Kd8 26. Nxa6 Rdb7 27. c3 Nd7 28.
Nxb8 c5 29. Qh4+ g5 30. Qxg5+ f6 31. Qg3 Ne5 32. Na6 cxb4 33. c4 Qxa6 34. Qf4 Bf7 35. Bd3 Nxd3 36. Rxd3 Bg6 37. Rhd1 Ke7 38.
Qe3+ Qe6 39. Qxe6+ Kxe6 40. cxd5+ Kd6 41. Kb2 Bxd3 42. Rxd3 Rb5 43. Rd4 Rxa5 44. Rxb4 Rxd5 45. Kc3 Ke6 46.
Rd4 Ra5 47. Kd3 Kf5 48. Ke3 Ra2 49. Rd5+ Kg6 50. Rd2 Ra4 51. Kf2 Rb4 52. Re2 Rb5 53. Re4 h5 54. Kg3 Rg5+ 55. Kh3 Rf5 56.
Kh4 Kh6 57. f4 Rb5 58. Re2 Kg6 59. Rf2 Rb4 60. h3 Ra4 61. g3 Ra6 62. Rb2 Ra5 63. Rb7 Rf5 64. Ra7 Kh6 65. Ra8 Kg7 66.
Ra4 Rb5 67. Ra7+ Kg6 68. g4 hxg4 69. Kxg4 Rb1 70. Ra3 Rg1+ 71. Rg3 Rf1 72. Rg2 Rb1 73.
h4 Rb5 74. Rg3 Ra5 75. Rb3 f5+ 76. Kh3 Ra4 77. Kg3 Ra1 78. Rb6+ Kh5 79. Rb5 Ra3+ 80. Kf2 Kg4 81. h5 Rh3 82.
h6 Rxh6 83. Rb3 Rh2+ 84. Kg1 Re2 85. Kf1 Re4 86. Kf2 Rxf4+ 87. Kg1 Ra4 88. Kf1 Ra1+ 89. Kf2 Ra2+ 90. Kf1 f4 91. Kg1 Re2 92.
Kf1 Re3 1/2-1/2

[Event "NJSK 2023 Jeugd A"]
[Site "Almelo, Netherlands"]
[Date "2023.05.03"]
[Round "4.8"]
[White "Bon, Gijs"]
[Black "Knol, Daniel"]
[Result "0-1"]
[TimeControl "90min/40moves + 30min + 30sec/move"]
[WhiteElo "1805"]
[BlackElo "1819"]

1. e4 c5 2. Nf3 Nc6 3. c3 d5 4. exd5 Qxd5 5. d4 Nf6 6. Be2 cxd4 7. cxd4 e6 8. Nc3 Qd6 9. O-O Be7 10.
Be3 O-O 11. Rc1 a6 12. Na4 Nd5 13. Qd2 Bf6 14. Nc5 b6 15. Ne4 Qd7 16. Nxf6+ Nxf6 17. Ne5 Nxe5 18. dxe5 Qxd2 19. Bxd2 Nd5 20. Bf3 Bb7 21. Be3 Nxe3 22.
Bxb7 Nxf1 23. Bxa8 Nxh2 24. Kxh2 Rxa8 25. a4 h6 26. Rc7 Rb8 27. b4 b5 28. a5 Rd8 29. Ra7 Rd4 30. Rxa6 Rxb4 31.
Ra8+ Kh7 32. a6 Ra4 33. a7 b4 34. f4 b3 35. Rb8 Rxa7 36. Rxb3 g5 37. g3 Ra4 38. Rf3 Kg6 39. fxg5 hxg5 40.
Re3 g4 41. Re2 Ra5 42. Re4 Kf5 43. Rf4+ Kxe5 44. Rxf7 Ra2+ 45. Kg1 Ra4 46. Kf2 Kd5 47. Rf4 Rxf4+ 0-1

[Event "NJSK 2023 Jeugd A"]
[Site "Almelo, Netherlands"]
[Date "2023.05.04"]
[Round "5.1"]
[White "Van der Hagen, Loek"]
[Black "De Winter, Arthur"]
[Result "0-1"]
[TimeControl "90min/40moves + 30min + 30sec/move"]
[WhiteElo "2273"]
[BlackElo "2374"]

1. d4 Nf6 2. c4 g6 3. Nc3 Bg7 4. e4 d6 5. h3 O-O 6. Be3 Nbd7 7. Nf3 e5 8. d5 Nc5 9. Nd2 a5 10.
g4 c6 11. Qc2 a4 12. Be2 Qa5 13. g5 Ne8 14. h4 f5 15. f3 Bd7 16. h5 cxd5 17. cxd5 b5 18. h6 Bh8 19. a3 Rc8 20.
Rg1 Nc7 21. Rc1 N7a6 22. Qb1 b4 23. axb4 Nxb4 24. Kd1 Nb3 25. Nxb3 axb3 26. Qa1 Na2 27. Bd2 Qb6 28. Rg2 Nxc1 29.
Kxc1 fxe4 30. fxe4 Bh3 31. Rg3 Qf2 32. Rxh3 Qxe2 0-1

[Event "NJSK 2023 Jeugd A"]
[Site "Almelo, Netherlands"]
[Date "2023.05.04"]
[Round "5.2"]
[White "Slagboom, Leandro"]
[Black "Achuthan, Dylan"]
[Result "1-0"]
[TimeControl "90min/40moves + 30min + 30sec/move"]
[WhiteElo "2228"]
[BlackElo "2045"]

1. d4 d5 2. Nf3 Nf6 3. c4 dxc4 4. e3 e6 5. Bxc4 c5 6. O-O a6 7. Re1 Nc6 8. Nc3 b5 9. Bb3 Be7 10.
d5 exd5 11. Bxd5 Nxd5 12. Nxd5 O-O 13. e4 Bg4 14. h3 Bxf3 15. Qxf3 Bf6 16. Nxf6+ Qxf6 17. Qxf6 gxf6 18. Be3 c4 19.
Bc5 Rfc8 20. f4 Rd8 21. Rad1 Kg7 22. Rd5 f5 23. Rxf5 Rd2 24. Re3 Rg8 25. Rd5 Rxb2 26. Rd6 Rb1+ 27.
Kh2 Rc8 28. Rg3+ Kh8 29. Rf6 Rd1 30.
Rxf7 Rg8 31. Rc7 Nd4 32. Be7 Rxg3 33.
Bf6+ Kg8 34. Kxg3 Rd3+ 35. Kg4 c3 36. Bxd4 Rxd4 37. Rxc3 Ra4 38. Kf5 Rxa2 39. Kf6 h5 40. e5 Ra4 41.
f5 Rc4 42. Rxc4 bxc4 43. e6 Kf8 44. e7+ Ke8 45. Ke6 1-0

[Event "NJSK 2023 Jeugd A"]
[Site "Almelo, Netherlands"]
[Date "2023.05.04"]
[Round "5.3"]
[White "Wierenga, Jael"]
[Black "Moskalets, Sofiia"]
[Result "0-1"]
[TimeControl "90min/40moves + 30min + 30sec/move"]
[WhiteElo "1772"]
[BlackElo "1722"]

1. d4 Nf6 2. c4 g6 3. Nc3 Bg7 4.
e4 O-O 5. f3 d6 6. Be3 e5 7. Nge2 Nc6 8. Qd2 exd4 9. Nxd4 Nxd4 10. Bxd4 Be6 11. O-O-O a6 12. Nd5 Bxd5 13. cxd5 c5 14.
Be3 b5 15. h4 Rc8 16. Kb1 Re8 17. g4 Qe7 18. Bg2 Nd7 19. Bg5 f6 20. Bf4 Nb6 21. Bf1 c4 22. Qb4 Red8 23. Rc1 Qd7 24.
Be3 Na4 25. Bh3 Qe7 26. Bd4 f5 27. e5 Bxe5 28. Rce1 Qf6 29. Bxe5 dxe5 30. gxf5 gxf5 31. Rhg1+ Kh8 32. Rg5 Rxd5 33.
Rxf5 Qd8 34. a3 a5 35. Rf8+ Qxf8 36. Qxa5 Rcd8 37. Re3 Qf4 38. Qa7 Qd4 39. Qa6 0-1

[Event "NJSK 2023 Jeugd A"]
[Site "Almelo, Netherlands"]
[Date "2023.05.04"]
[Round "5.4"]
[White "Groen, Jari"]
[Black "Van Kuijk, Vadim"]
[Result "1/2-1/2"]
[TimeControl "90min/40moves + 30min + 30sec/move"]
[WhiteElo "2028"]
[BlackElo "1968"]

1. e4 c6 2. d4 d5 3. e5 Bf5 4. Nf3 e6 5. Be2 c5 6. Be3 Qb6 7. Nc3 Nc6 8. O-O Qxb2 9. Qe1 cxd4 10. Bxd4 Nxd4 11. Nxd4 Bb4 12.
Ndb5 Ba5 13. Rb1 Qxc2 14. Rc1 Qb2 15. g4 Bg6 16. f4 Ne7 17. Nd6+ Kf8 18. f5 exf5 19. gxf5 Nxf5 20. Nxf5 Rc8 21.
Nxd5 Qxc1 22. Qxa5 Qc5+ 23. Qxc5+ Rxc5 24. Nfe3 Be4 25. e6 Bxd5 26. Nxd5 Rxd5 27. Rxf7+ Ke8 28. Rxb7 Rg5+ 29. Kh1 Rf8 30. Bb5+ Rxb5 1/2-1/2

[Event "NJSK 2023 Jeugd A"]
[Site "Almelo, Netherlands"]
[Date "2023.05.04"]
[Round "5.5"]
[White "Alvares, Thomas"]
[Black "Boeren, Jurriaan"]
[Result "0-1"]
[TimeControl "90min/40moves + 30min + 30sec/move"]
[WhiteElo "1825"]
[BlackElo "1979"]

1. e4 e5 2. Nf3 Nc6 3.
Bb5 a6 4. Ba4 Nf6 5. d3 d6 6.
c3 g6 7.
O-O Bg7 8. Re1 O-O 9. Nbd2 Re8 10. h3 Nd7 11. Nf1 Nb6 12. Bb3 d5 13. Ng3 Na5 14. Bc2 c5 15. Qe2 Qc7 16. Bd2 Nc6 17.
exd5 Nxd5 18. Ne4 b6 19. Bb3 Nce7 20. d4 exd4 21. cxd4 cxd4 22. Rac1 Qd7 23. Qc4 Bb7 24. Bg5 Rac8 25.
Qd3 h6 26. Bd2 Nc6 27. a3 Qf5 28. Bc2 Rcd8 29. Qb3 Qd7 30. Bd3 Ne5 31. Nxe5 Rxe5 32. Bc4 Qf5 33. Ng3 Rxe1+ 34. Rxe1 Qd7 35.
Qd3 Qc6 36. Bxa6 Ba8 37. Bb5 Nf4 38. Bxc6 Nxd3 39. Re8+ Rxe8 40. Bxe8 Nxb2 41. Bb5 Bd5 42. Nf1 Bf8 43. a4 Nc4 44.
Bc1 h5 45. h4 Bb4 46. g3 Ne5 47. f4 Ng4 48. Nd2 Kf8 49. Kf1 Ke7 50. Nc4 Bc5 51. Bd2 Kf6 52. a5 bxa5 53. Bxa5 Bxc4+ 0-1

[Event "NJSK 2023 Jeugd A"]
[Site "Almelo, Netherlands"]
[Date "2023.05.04"]
[Round "5.6"]
[White "Smid, Jelle"]
[Black "Knol, Daniel"]
[Result "1/2-1/2"]
[TimeControl "90min/40moves + 30min + 30sec/move"]
[WhiteElo "1776"]
[BlackElo "1819"]

1. e4 c5 2. Nf3 e6 3. d4 cxd4 4.
Nxd4 Nf6 5. Nc3 Nc6 6. a3 d5 7. exd5 Nxd5 8. Nxc6 bxc6 9. Ne4 Be7 10. c4 Nf6 11. Qxd8+ Bxd8 12. Nd6+ Ke7 13. Nxc8+ Rxc8 14. Be2 Bb6 15.
O-O Rhd8 16. Bf3 Nd7 17. b4 Ne5 18. c5 Nxf3+ 19. gxf3 Bc7 20. Be3 Be5 21. Ra2 Rd3 22. Rb1 a6 23.
Kg2 Rb8 24. f4 Bf6 25. Kf3 Rd5 26. Rd2 a5 27. Rxd5 exd5 28. Bd2 axb4 29. Re1+ Kd7 30. Bxb4 Re8 31. Rb1 Rb8 32. Re1 Kc7 33. Rb1 Kd7 34.
Re1 1/2-1/2

[Event "NJSK 2023 Jeugd A"]
[Site "Almelo, Netherlands"]
[Date "2023.05.04"]
[Round "5.7"]
[White "Adams, Oscar"]
[Black "Goudriaan, Rafael"]
[Result "0-1"]
[TimeControl "90min/40moves + 30min + 30sec/move"]
[WhiteElo "1760"]
[BlackElo "1992"]

1. f4 e5 2. fxe5 d6 3. exd6 Bxd6 4.
Nf3 g5 5. g3 g4 6. Nh4 Ne7 7. d4 Ng6 8. Nxg6 hxg6 9.
Qd3 Nc6 10. c3 Qe7 11. e4 Be6 12. Bg2 O-O-O 13. Bf4 Bxf4 14. gxf4 f5 15. Nd2 fxe4 16. Bxe4 Bd5 17. O-O-O Rh3 18.
Qb1 Qf6 19. Bxd5 Rxd5 20. Qe4 Rf5 21. Rdf1 Nd8 22. Nc4 Qe6 23. Ne5 Qxa2 24. Nxg6 Rb5 25. Qc2 Rd3 26. Rf2 Qa1+ 27. Qb1 Rxc3+ 28. Rc2 Rxc2+ 29. Kxc2 Qa4+ 30. Kd3 Rb3+ 31. Ke4 Qc6+ 32. Kf5 Qe6+ 33. Kg5 Nf7+ 34. Kh4 Rh3# 0-1

[Event "NJSK 2023 Jeugd A"]
[Site "Almelo, Netherlands"]
[Date "2023.05.04"]
[Round "5.8"]
[White "Van Rootselaar, Rik"]
[Black "Bon, Gijs"]
[Result "1-0"]
[TimeControl "90min/40moves + 30min + 30sec/move"]
[WhiteElo "1812"]
[BlackElo "1805"]

1. e4 c5 2. Nf3 Nc6 3. Bb5 Nf6 4. e5 Nd5 5. O-O g6 6. Nc3 Nc7 7. Bxc6 dxc6 8. d3 Bg4 9. Re1 Bg7 10.
h3 Bxf3 11. Qxf3 O-O 12. Ne4 Ne6 13. Qe2 Qd4 14. Nd2 Rfd8 15. Nb3 Qd5 16. f4 b5 17. Be3 Bh6 18. Qf2 Nd4 19. Nxc5 Qxc5 20.
c3 Qd5 21. cxd4 e6 22. Rec1 Bf8 23. Rc2 a5 24. Kh2 b4 25.
g4 a4 26. Rc4 Qb5 27. f5 Be7 28. Rf1 Kh8 29. fxe6 fxe6 30. Bh6 Bf8 31. Qf6+ Kg8 32. Qxe6+ Kh8 33. Rxf8+ Rxf8 34. Qe7 1-0

[Event "NJSK 2023 Jeugd A"]
[Site "Almelo, Netherlands"]
[Date "2023.05.05"]
[Round "6.1"]
[White "De Winter, Arthur"]
[Black "Slagboom, Leandro"]
[Result "0-1"]
[TimeControl "90min/40moves + 30min + 30sec/move"]
[WhiteElo "2374"]
[BlackElo "2228"]

1. e4 e5 2. Bc4 Nf6 3. d3 Nc6 4. Nc3 Bc5 5. f4 O-O 6. Nf3 exf4 7. Bxf4 d6 8. d4 Bb6 9. Bg5 Bg4 10.
Qd2 Bxf3 11. gxf3 Bxd4 12. O-O-O Bxc3 13. bxc3 Ne5 14. Be2 Ned7 15. Rhg1 Kh8 16. Bb5 Rg8 17. Qd4 Ne5 18. Rg3 Qe7 19.
f4 Nc6 20. Bxc6 bxc6 21. c4 c5 22. Qc3 Rae8 23. Re1 Qe6 24. Rge3 Nd7 25. Rh3 Rgf8 26. Rg3 f6 27. Bh4 Re7 28.
Rge3 Ref7 29. Qa5 Nb6 30. Qxa7 Qxc4 31. Rb3 h6 32. Qb7 Qd4 33. c3 Qa4 34. Re2 c4 35. Rbb2 Qa8 36. Qxa8 Rxa8 37.
Rb4 Re7 38. Bf2 Nd5 39. Rxc4 Nxf4 40. Rd2 Kg8 41. a4 g5 42. Bg3 Ne6 43. Bf2 Kf7 44. Be3 Nd8 45. Bf2 Nb7 46. Rb4 c5 47.
Rb6 Rxa4 48. Bg3 Raxe4 49. Bxd6 Nxd6 50. Rbxd6 Re1+ 51. Kc2 R1e2 52. Kb3 Rxd2 53. Rxd2 Re5 54. Kc4 f5 55. Rd6 Kg7 0-1

[Event "NJSK 2023 Jeugd A"]
[Site "Almelo, Netherlands"]
[Date "2023.05.05"]
[Round "6.2"]
[White "Moskalets, Sofiia"]
[Black "Van der Hagen, Loek"]
[Result "1/2-1/2"]
[TimeControl "90min/40moves + 30min + 30sec/move"]
[WhiteElo "1722"]
[BlackElo "2273"]

1. e4 c5 2. Nf3 d6 3. d4 cxd4 4. Nxd4 Nf6 5. Nc3 Nc6 6. Bg5 Bd7 7. Qd2 a6 8. O-O-O e6 9. f4 Be7 10.
Nb3 b5 11. Bxf6 gxf6 12. f5 b4 13. Ne2 e5 14. Qd5 h5 15. Ng3 Qb6 16. Bc4 Rh7 17. Nxh5 a5 18. g4 a4 19. Nd2 b3 20.
c3 bxa2 21. Bxa2 Qe3 22. Rhe1 Qg5 23. h3 Ra7 24. Kb1 Na5 25. Nc4 Nxc4 26. Qxc4 Kf8 27. Qb4 Be8 28. Qb8 Rd7 29. Bd5 Rd8 30.
Qb6 Qh4 31. Qe3 Rb8 32. Ka1 Rc8 33. Rg1 Rc5 34. Qg3 Qg5 35. h4 Qh6 36. Qd3 Bb5 37. c4 Ba6 38. Qc3 Bb5 39. Qd3 Ba6 40. Rg3 Rh8 41. Qc3 Bd8 42. Qb4 Ke7 43.
Qb8 Bc7 44. Qa7 Rb8 45. Qxa6 Ra5 46. Qc6 Rc5 47. Qa6 Ra5 1/2-1/2

[Event "NJSK 2023 Jeugd A"]
[Site "Almelo, Netherlands"]
[Date "2023.05.05"]
[Round "6.3"]
[White "Achuthan, Dylan"]
[Black "Boeren, Jurriaan"]
[Result "1-0"]
[TimeControl "90min/40moves + 30min + 30sec/move"]
[WhiteElo "2045"]
[BlackElo "1979"]

1. d4 d5 2. Nf3 Nf6 3. Bg5 e6 4. e3 Be7 5. Bd3 O-O 6. Nbd2 b6 7. Ne5 Bb7 8. Qf3 Nbd7 9. Nxd7 Qxd7 10. h4 c5 11. c3 Rfe8 12.
Rh3 h6 13. Bxh6 gxh6 14. Qf4 Ne4 15. Nxe4 dxe4 16. Rg3+ Bg5 17. hxg5 h5 18. g6 f5 19. Bb5 Qxb5 20. Qc7 Ba6 21.
Qf7+ Kh8 22. Qh7# 1-0

[Event "NJSK 2023 Jeugd A"]
[Site "Almelo, Netherlands"]
[Date "2023.05.05"]
[Round "6.4"]
[White "Van Kuijk, Vadim"]
[Black "Wierenga, Jael"]
[Result "1-0"]
[TimeControl "90min/40moves + 30min + 30sec/move"]
[WhiteElo "1968"]
[BlackElo "1772"]

1. e4 e6 2. d4 d5 3. Nc3 Nf6 4. e5 Nfd7 5.
f4 c5 6.
Nf3 Nc6 7. Be3 Be7 8. Be2 a6 9. O-O b5 10. f5 cxd4 11. fxe6 fxe6 12. Bxd4 Nxd4 13. Nxd4 Nxe5 14. Bh5+ g6 15.
Qe2 Bf6 16. Rxf6 Qxf6 17. Rf1 Qg5 18. Rf5 exf5 19. Qxe5+ Qe7 20. Qxh8+ Kd7 21. Nf3 gxh5 22. Qd4 Ke8 23. Nxd5 Qd6 24.
Qh8+ Kd7 25. Ne5+ Ke6 26. Nf4+ Ke7 27. Qxh7+ Ke8 28. Qxh5+ Ke7 29. Qh7+ Ke8 30. Qg8+ Ke7 31. Nd5+ 1-0

[Event "NJSK 2023 Jeugd A"]
[Site "Almelo, Netherlands"]
[Date "2023.05.05"]
[Round "6.5"]
[White "Goudriaan, Rafael"]
[Black "Groen, Jari"]
[Result "1/2-1/2"]
[TimeControl "90min/40moves + 30min + 30sec/move"]
[WhiteElo "1992"]
[BlackElo "2028"]

1. e4 c5 2. Nf3 Nc6 3. d4 cxd4 4.
Nxd4 Nf6 5. Nc3 e5 6. Ndb5 d6 7. Bg5 a6 8. Na3 b5 9. Nd5 Be7 10. Bxf6 Bxf6 11. c3 Rb8 12. Nc2 Bg5 13.
b3 O-O 14. a4 Be6 15. axb5 axb5 16. h4 Bh6 17. g4 Bf4 18. Ra6 Bxd5 19. Qxd5 Ne7 20. Qd3 d5 21. Nb4 dxe4 22. Qxd8 Rfxd8 23. Ra2 Ra8 24. Rxa8 Rxa8 25. Rh3 Ra1+ 26. Ke2 Rb1 27. Bg2 Rb2+ 28. Ke1 e3 29. Nd3 exf2+ 30. Nxf2 Rxb3 31. Rd3 g6 32.
Ne4 f5 33. Nf6+ Kg7 34. g5 e4 35. Rd7 Kf7 36. Bf1 Bg3+ 37. Ke2 Bxh4 38. Nxh7 Rxc3 39. Kd2 Rc5 40. Ke3 Ke6 41. Nf8+ Kf7 42.
Nh7 Rc3+ 43. Kd4 Rc1 44. Be2 Re1 45. Ke3 f4+ 46. Kd2 Rg1 47. Bxb5 Bxg5 48. Bc4+ Ke8 49. Bb5 Bh4 50. Rd4+ Kf7 51.
Rxe4 g5 52. Bc4+ Ke8 53. Nf6+ Kf8 54. Nd7+ 1/2-1/2

[Event "NJSK 2023 Jeugd A"]
[Site "Almelo, Netherlands"]
[Date "2023.05.05"]
[Round "6.6"]
[White "Knol, Daniel"]
[Black "Alvares, Thomas"]
[Result "1-0"]
[TimeControl "90min/40moves + 30min + 30sec/move"]
[WhiteElo "1819"]
[BlackElo "1825"]

1. e4 c5 2. c3 Nf6 3. e5 Nd5 4.
Nf3 d6 5. d4 cxd4 6. cxd4 Nc6 7. Bc4 e6 8. O-O Be7 9. Qe2 O-O 10. Rd1 Qc7 11. Bd2 Bd7 12. Nc3 Nxc3 13. Bxc3 d5 14. Bd3 a6 15. h4 Rae8 16.
Ng5 Bxg5 17. hxg5 Ne7 18. Bb4 Kh8 19. Rac1 Qd8 20. Rc3 Rg8 21. Bxh7 1-0

[Event "NJSK 2023 Jeugd A"]
[Site "Almelo, Netherlands"]
[Date "2023.05.05"]
[Round "6.7"]
[White "Van Rootselaar, Rik"]
[Black "Smid, Jelle"]
[Result "0-1"]
[TimeControl "90min/40moves + 30min + 30sec/move"]
[WhiteElo "1812"]
[BlackElo "1776"]

1. e4 e6 2. d4 d5 3. Nd2 c5 4. exd5 Qxd5 5. Ngf3 cxd4 6. Bc4 Qd6 7. O-O Nf6 8. Nb3 Nc6 9. Nbxd4 Nxd4 10.
Nxd4 Be7 11. c3 O-O 12. Qe2 Qc7 13. Bb3 a6 14. Re1 Bd6 15. h3 Bd7 16. Bg5 Bc6 17. Nxc6 Qxc6 18. Bxf6 gxf6 19.
Qg4+ Kh8 20. Qh4 Rg8 21. Qxf6+ Rg7 22. g3 Rag8 23. Rad1 Be7 24. Qe5 Qf3 25. Re3 Qc6 26. Bc2 Bc5 27.
Re4 f5 28. Re2 h5 29. b4 Ba7 30. Rd6 Qf3 31. Rxe6 Qxg3+ 0-1

[Event "NJSK 2023 Jeugd A"]
[Site "Almelo, Netherlands"]
[Date "2023.05.05"]
[Round "6.8"]
[White "Bon, Gijs"]
[Black "Adams, Oscar"]
[Result "0-1"]
[TimeControl "90min/40moves + 30min + 30sec/move"]
[WhiteElo "1805"]
[BlackElo "1760"]

1. e4 e5 2. Nf3 Nc6 3. Bb5 f5 4. d3 Nf6 5. O-O d6 6. Re1 Be7 7. Nbd2 O-O 8. c3 fxe4 9. dxe4 h6 10.
Bc4+ Kh8 11. h3 Qe8 12. a4 Nh5 13. Nf1 Qg6 14. Kh2 Bd7 15. Ng3 Nf4 16. Bxf4 Rxf4 17. Ne2 Rf6 18. Ng3 Raf8 19.
Nh4 Qh7 20. Nhf5 Bd8 21. f3 Ne7 22. Ne3 h5 23. a5 a6 24. Qb3 Bc8 25. Nd5 Nxd5 26. exd5 Rf4 27. Rad1 Bh4 28. Bd3 Bxg3+ 29. Kxg3 Qh6 30. Kh2 Rxf3 31.
gxf3 Qf4+ 32. Kg1 Qg3+ 33. Kh1 Qxf3+ 34. Kg1 Qg3+ 35. Kh1 Rf2 0-1

[Event "NJSK 2023 Jeugd A"]
[Site "Almelo, Netherlands"]
[Date "2023.05.06"]
[Round "7.1"]
[White "Slagboom, Leandro"]
[Black "Van der Hagen, Loek"]
[Result "0-1"]
[TimeControl "90min/40moves + 30min + 30sec/move"]
[WhiteElo "2228"]
[BlackElo "2273"]

1. d4 Nf6 2. c4 g6 3. Nc3 d5 4. cxd5 Nxd5 5. e4 Nxc3 6. bxc3 Bg7 7. Bc4 c5 8. Ne2 O-O 9. O-O Nc6 10.
Be3 Bg4 11. f3 Na5 12. Bxf7+ Rxf7 13. fxg4 Rxf1+ 14. Kxf1 Qd6 15. e5 Qe6 16. Nf4 Rf8 17. Kg1 Qf7 18. Qe2 Bh6 19. g3 Qc4 20.
Qd2 Rd8 21. Qb2 Bxf4 22. gxf4 Qd3 23. Kf2 Qxe3+ 24. Kxe3 Nc4+ 25. Ke4 Nxb2 26. a4 Nc4 27. Ra2 e6 28. Rf2 cxd4 29. cxd4 a6 30.
f5 gxf5+ 31. gxf5 exf5+ 32. Rxf5 Nd2+ 33. Ke3 Nb3 34.
Rf4 b5 35. axb5 axb5 36. Kd3 Nc5+ 37. Kc3 Ne6 38. Rh4 Kg7 39. h3 Kg6 40. Rg4+ Kf5 41. Rh4 Rd7 42. d5 Rxd5 43. Rxh7 Kxe5 44.
Kb4 Kd6 45. h4 Kc6 46. h5 Rd4+ 47. Kb3 Kc5 48. Rh8 Rd3+ 49. Kc2 Rh3 50. h6 Kb4 51. Kd2 Nc5 52. Ke2 Kc4 53. Kf2 b4 54.
Kg2 Rh5 55. Kg3 b3 56. Kg4 Rh1 57. h7 b2 58. Rb8 Nb3 59. Rc8+ Kd5 60. Rd8+ Kc6 0-1

[Event "NJSK 2023 Jeugd A"]
[Site "Almelo, Netherlands"]
[Date "2023.05.06"]
[Round "7.2"]
[White "Moskalets, Sofiia"]
[Black "De Winter, Arthur"]
[Result "0-1"]
[TimeControl "90min/40moves + 30min + 30sec/move"]
[WhiteElo "1722"]
[BlackElo "2374"]

1. e4 c5 2. Nf3 Nc6 3. Bb5 e6 4. Bxc6 bxc6 5. d3 Qc7 6. Nc3 e5 7. O-O Be7 8. Qe2 d6 9. h3 f5 10.
exf5 Bxf5 11. Nh4 Bxh4 12. Qh5+ Bg6 13. Qxh4 Ne7 14. Qc4 Rb8 15. a3 Nf5 16. Ne2 Bf7 17. Qe4 Qd7 18. g4 Nd4 19.
Nxd4 cxd4 20. f4 Bd5 21. Qf5 Qxf5 22. gxf5 O-O 23. fxe5 dxe5 24. b3 e4 25. Bf4 Rbd8 26. Bg5 Rde8 27.
dxe4 Rxe4 28. Rae1 Rxe1 29. Rxe1 Rxf5 30. h4 Rf3 31. Rd1 h6 32.
Be7 Rg3+ 33. Kf1 Rf3+ 34. Kg1 Rf4 35. Rd2 a6 36. Rf2 Re4 37. Bd8 Kh7 38. Kh2 Kg6 39. Kg3 Re3+ 40. Kh2 Kh5 41.
Rd2 Re8 42. Ba5 Kxh4 43. Rxd4+ Re4 44. Rxe4+ Bxe4 45. c4 Kg4 46. b4 Bd3 47. c5 g5 48. Bc7 h5 49. Bd8 h4 50. a4 Kh5 51.
Kh3 g4+ 52. Kg2 Be4+ 53. Kh2 g3+ 54. Kh3 Bf5+ 55. Kg2 Kg4 56. b5 h3+ 0-1

[Event "NJSK 2023 Jeugd A"]
[Site "Almelo, Netherlands"]
[Date "2023.05.06"]
[Round "7.3"]
[White "Van Kuijk, Vadim"]
[Black "Achuthan, Dylan"]
[Result "0-1"]
[TimeControl "90min/40moves + 30min + 30sec/move"]
[WhiteElo "1968"]
[BlackElo "2045"]

1. e4 d5 2. exd5 Qxd5 3. Nc3 Qa5 4. d4 c6 5. Bc4 Nf6 6. Bd2 Bf5 7. Nd5 Qd8 8. Nxf6+ gxf6 9. Nf3 e6 10.
O-O Qc7 11. Nh4 Bg6 12. Qf3 Nd7 13. Bf4 Bd6 14. Bxd6 Qxd6 15. c3 O-O-O 16. Qg3 Nb6 17. Qxd6 Rxd6 18. Nxg6 hxg6 19. Bb3 f5 20.
Rad1 Nd7 21. g3 g5 22. f3 Nf6 23. Rde1 c5 24. d5 Nxd5 25. Re5 Nc7 26. Rxc5 Rd2 27. Rf2 Rxf2 28. Kxf2 Rxh2+ 29. Kg1 Rxb2 30. g4 b6 31. Re5 f6 32. Re3 fxg4 33. fxg4 Kd7 34. Rd3+ Ke7 35. Rh3 Re2 36. Rh7+ Kd6 37.
Kf1 Re4 38. Bd1 Nd5 39. Rxa7 Ne3+ 40. Ke2 Nxd1+ 41. Kxd1 Rxg4 42. Rb7 Kc6 43. Re7 Re4 0-1

[Event "NJSK 2023 Jeugd A"]
[Site "Almelo, Netherlands"]
[Date "2023.05.06"]
[Round "7.4"]
[White "Groen, Jari"]
[Black "Knol, Daniel"]
[Result "1-0"]
[TimeControl "90min/40moves + 30min + 30sec/move"]
[WhiteElo "2028"]
[BlackElo "1819"]

1. e4 c5 2. Nf3 e6 3. d4 cxd4 4. Nxd4 Nf6 5. Nc3 Nc6 6. Ndb5 Bc5 7. Bf4 O-O 8. Bc7 Qe7 9. Bd6 Bxd6 10.
Qxd6 Ne8 11. Qxe7 Nxe7 12. O-O-O a6 13. Nd6 Nxd6 14. Rxd6 b5 15. Bd3 Ra7 16. a4 b4 17. Nb1 f5 18.
f3 fxe4 19. Bxe4 Nf5 20. Rb6 a5 21. Nd2 d5 22. Bd3 Ne3 23. Rg1 Bd7 24. b3 Rc8 25. Nf1 Nxf1 26. Rxf1 Rc6 27. Rxc6 Bxc6 28.
Re1 Re7 29. Re5 h6 30. f4 Kf7 31. Kd2 Rc7 32. Be2 Kf6 33. h4 Be8 34. Bd3 Rc6 35. g4 Bg6 36. Bxg6 Kxg6 37. f5+ Kf6 38. Rxe6+ Rxe6 39. fxe6 Kxe6 40.
c3 bxc3+ 41. Kxc3 Ke5 42. b4 d4+ 43. Kc4 axb4 44. a5 Kf4 45. a6 b3 46. Kxb3 Kxg4 47. a7 Kxh4 48. a8=Q h5 49.
Qg2 g5 50. Kc4 g4 51. Qh2 Kg5 52.
Kxd4 1-0

[Event "NJSK 2023 Jeugd A"]
[Site "Almelo, Netherlands"]
[Date "2023.05.06"]
[Round "7.5"]
[White "Boeren, Jurriaan"]
[Black "Goudriaan, Rafael"]
[Result "1/2-1/2"]
[TimeControl "90min/40moves + 30min + 30sec/move"]
[WhiteElo "1979"]
[BlackElo "1992"]

1. e4 e5 2. Nf3 Nc6 3. Bc4 Bc5 4. c3 Nf6 5. d4 exd4 6. cxd4 Bb4+ 7. Nc3 Nxe4 8. O-O Bxc3 9. d5 Bf6 10.
Re1 Ne7 11. Rxe4 d6 12. Bg5 Bxg5 13. Nxg5 O-O 14. Nxh7 Kxh7 15. Qh5+ Kg8 16. Rh4 f5 17. Qh7+ Kf7 18. Rh6 Rg8 19.
Re1 Qf8 20. Bb5 Rh8 21. Qxh8 gxh6 22. Qh7+ Kf6 23. Rxe7 Qxe7 24. Qxh6+ Ke5 25. Qe3+ Kf6 26. Qh6+ Ke5 27. Qe3+ Kf6 28.
Qh6+ Ke5 1/2-1/2